 Dungeon Crawl Stone Soup version 0.24.0-13-gcf9b319 (webtiles) character file.

Game seed: 12303179232072378913, levelgen mode: deterministic

92 Fang the Skirmisher (level 4, -2/29 HPs)
             Began as a Gargoyle Berserker on Nov 20, 2019.
             Was a Believer of Trog.
             Slain by a centaur (4 damage)
             ... on level 5 of the Dungeon.
             The game lasted 00:01:33 (1846 turns).

Fang the Skirmisher (Gargoyle Berserker)            Turns: 1846, Time: 00:01:34

Health: -2/29      AC: 15    Str: 22    XL:     4   Next: 60%
Magic:  4/4        EV:  4    Int:  7    God:    Trog [**....]
Gold:   120        SH:  7    Dex:  9    Spells: 3/3 levels left

rFire    . . .     SeeInvis .   a - +0 hand axe
rCold    . . .     Gourm    .   h - +0 shield (curse)
rNeg     + . .     Faith    .   b - +0 plate armour (curse)
rPois    ∞         Spirit   .   (no helmet)
rElec    +         Reflect  .   (no cloak)
rCorr    .         Harm     .   (no gloves)
MR       .....                  (no boots)
Stlth    ..........             (no amulet)
HPRegen  0.09/turn              (no ring)
MPRegen  0.09/turn              (no ring)

@: berserk cooldown, slowed, very slow
A: negative energy resistance 1, electricity resistance, unbreathing,
petrification resistance, rot immunity, AC +3
a: Berserk, Trog's Hand, Renounce Religion


You were on level 5 of the Dungeon.
You worshipped Trog.
Trog was pleased with you.
You were very hungry.

You visited 1 branch of the dungeon, and saw 4 of its levels.

You collected 120 gold pieces.

Inventory:

Hand Weapons
 a - a +0 hand axe (weapon)
Armour
 b - a cursed +0 plate armour (worn)
 h - a cursed +0 shield (worn)
Scrolls
 g - a scroll of random uselessness {unknown}
 j - 3 scrolls of identify {unknown}
 k - a scroll of blinking {unknown}
 l - a scroll of teleportation {unknown}
 n - a scroll of immolation {unknown}
 o - a scroll of noise {unknown}
Potions
 d - a potion of magic {unknown}
 e - a potion of curing {unknown}
 f - 2 potions of lignification {unknown}
 m - a potion of degeneration {unknown}
Comestibles
 c - 7 rations


   Skills:
 + Level 4.0 Fighting
 + Level 3.2 Axes
 + Level 3.1 Armour
 + Level 2.2 Dodging
 + Level 0.7 Shields


You had 3 spell levels left.
You didn't know any spells.
Your spell library was empty.

Dungeon Overview and Level Annotations

Branches:
Dungeon (3/15)

Altars:
Makhleb
Sif Muna

Annotations:
D:5 Pikel


Innate Abilities, Weirdness & Mutations

You are resistant to torment.
Your stone body is resilient. (AC +3)
You are immune to poison.
You resist negative energy. (rN+)
You are resistant to electric shocks. (rElec)
You can survive without breathing.
You are immune to petrification.
You are immune to rotting.


Message History

You kill the adder!
Trog accepts your kill.
You miss the slave.
The centaur hits you but does no damage.
You block the slave's attack. The centaur hits you.
* * * LOW HITPOINT WARNING * * *
Pikel says, "I'm sure the Orcish Mines are around here somewhere..."
Pikel hits you but does no damage.
The leopard gecko bites you but does no damage.
The slave hits you but does no damage.
The centaur hits you but does no damage.
You are too injured to fight recklessly!
You hit Pikel.
Pikel is almost dead.
You barely miss the centaur. You hit the leopard gecko.
Your shield and plate armour prevent you from hitting the slave.
You block the leopard gecko's attack. You block the centaur's attack.
Pikel hits you but does no damage. The slave hits you but does no damage.
You block the leopard gecko's attack. The centaur hits you.
You die...

.... .. ..#
....##.
##..#
....... ....
......###...
.#......#..#
.
....#..p..#
..
#...plc###.#
#.##K@.....#
#.......####
#.##.##.# #
... .# #...
## #... #...
#...


You could see Pikel, 2 slaves, a centaur and a leopard gecko.

Vanquished Creatures
  2 slaves (D:5)
  5 adders
  A ball python (D:2)
  5 bats
  4 giant cockroaches
  6 goblins (D:1)
  4 hobgoblins
  8 jackals (D:2)
  A frilled lizard (D:2)
  5 kobolds
  3 rats
44 creatures vanquished.

Notes
Turn   | Place    | Note
-------+----------+-------------------------------------------
     0 | D:1      | Fang the Gargoyle Berserker began the quest for the Orb.
     0 | D:1      | Reached XP level 1. HP: 14/14 MP: 1/1
    78 | D:1      | Reached XP level 2. HP: 9/19 MP: 2/2
   576 | D:1      | Reached XP level 3. HP: 23/23 MP: 3/3
   864 | D:2      | Found a burning altar of Makhleb.
   983 | D:2      | Reached ** piety under Trog
   988 | D:2      | Reached XP level 4. HP: 16/29 MP: 4/4
  1212 | D:2      | Found a shimmering blue altar of Sif Muna.
  1477 | D:2      | Reached skill level 4 in Fighting
  1827 | D:3      | You fall into a shaft and drop 2 floors!
  1827 | D:5      | Entered Level 5 of the Dungeon
  1827 | D:5      | Noticed Pikel
  1827 | D:5      | Noticed a slave
  1827 | D:5      | Noticed a slave
  1827 | D:5      | Noticed a slave
  1827 | D:5      | Noticed a slave
  1828 | D:5      | Noticed a centaur
  1836 | D:5      | Killed a slave
  1842 | D:5      | Killed a slave
  1846 | D:5      | Slain by a centaur

Levels and vault maps discovered:
D:1:      grunt_arrival_lava_bath, layout_rooms
D:2:      layout_basic, bloody_makhleb, lemuel_crystal_altar, first_ration,
          minmay_misc_feat_more_columns
D:3:      layout_rooms, overflow_temple_1_default, uniq_sigmund, uniq_jessica,
          uniq_grinder
D:5:      layout_loops_cross, minmay_temple_entry_sparse_star, serial_shops,
          shop, shop, shop, gammafunk_ghost_grave, uniq_pikel, uniq_eustachio

Skill      XL: |  1  2  3  4 |
---------------+-------------+-----
Axes           | 3 |  3.2
Dodging        | 2 |  2.2
Armour         | 3 |  3.1
Fighting       | 4 |  4.0
Shields        | |  0.7

Action                   |  1- 3 |  4- 6 || total
-------------------------+-------+-------++-------
Melee: Hand axe          |   114 |    64 ||   178
Invok: Berserk           |       |     1 ||     1
  Eat: Chunk             |       |     3 ||     3
Armor: Animal skin       |    52 |    18 ||    70
       Plate armour      |       |    53 ||    53
Dodge: Dodged            |    80 |    24 ||   104
Block: Shield            |    22 |    45 ||    67
